| TOP OF THE 1ST |
|
Richmond Braves batting - Pitching for Rochester Red Wings : RHP Al Dawson
|
|
Pitching: RHP Al Dawson
|
|
|
Batting: RHB Dave Stegman
|
0-0: Ball 1-0: Foul Ball, location: 2F 1-1: Ground out 6-3 (Groundball, 6, EV 92.5 MPH)
|
|
Batting: RHB Mike Fuentes
|
0-0: Ball 1-0: SINGLE (Line Drive, 4MD, EV 106.3 MPH)
|
|
Batting: SHB Howard Johnson
|
0-0: SINGLE (Groundball, 34D, EV 104.4 MPH) (infield hit) Mike Fuentes to second
|
|
Batting: LHB Chris Evans
|
0-0: Ball 1-0: Ball Mike Fuentes steals 3rd base Howard Johnson to second 2-0: Swinging Strike 2-1: Ball 3-1: SINGLE (Line Drive, 89M, EV 100.6 MPH) Mike Fuentes scores Howard Johnson to third Runner from 3rd tries for Home, SAFE, throw by RF to home
|
|
Batting: LHB Dan Rohn
|
0-0: Ball 1-0: Ball 2-0: Ball 3-0: Base on Balls Chris Evans to second
|
|
Batting: LHB Max Venable
|
0-0: Swinging Strike 0-1: Foul Ball, location: 2F 0-2: Foul Ball, location: 2F 0-2: Ball 1-2: SINGLE (Line Drive, 56D, EV 109.4 MPH) Chris Evans to third Dan Rohn to second
|
|
Batting: SHB Donnie Scott
|
0-0: Called Strike 0-1: Swinging Strike 0-2: Ball 1-2: Strikes out looking
|
|
Batting: SHB Julio Cruz
|
0-0: Called Strike 0-1: Ball 1-1: Fly out, F7 (Line Drive, 7, EV 85.0 MPH)
|
| Top of the 1st over - 2 runs, 4 hits, 0 errors, 3 left on base; Richmond 2 - Rochester 0 |
| BOTTOM OF THE 1ST |
|
Rochester Red Wings batting - Pitching for Richmond Braves : RHP Jeff D Robinson
|
|
Pitching: RHP Jeff D Robinson
|
|
|
Batting: RHB Johnnie LeMaster
|
0-0: Ball 1-0: Ground out 5-3 (Groundball, 5, EV 80.6 MPH)
|
|
Batting: LHB Ed Amelung
|
0-0: SINGLE (Popup, 4D, EV 53.1 MPH)
|
|
Batting: SHB Jordan Ayala
|
0-0: Foul Ball, location: 2F 0-1: Ball 1-1: Swinging Strike 1-2: Ball 2-2: Ground out 3-1 (Groundball, 34S, EV 78.8 MPH) Ed Amelung to second
|
|
Batting: RHB Gerry Davis
|
0-0: Called Strike 0-1: Ball 1-1: Ball 2-1: Foul Ball, location: 2F 2-2: Ball 3-2: Strikes out swinging
|
| Bottom of the 1st over - 0 runs, 1 hit, 0 errors, 1 left on base; Richmond 2 - Rochester 0 |
| TOP OF THE 2ND |
|
Richmond Braves batting - Pitching for Rochester Red Wings : RHP Al Dawson
|
|
Batting: RHB Mark Naehring
|
0-0: Ground out 5-3 (Groundball, 56S, EV 75.0 MPH)
|
|
Batting: RHB Dave Stegman
|
0-0: Ground out 6-3 (Groundball, 6S, EV 65.0 MPH)
|
|
Batting: RHB Mike Fuentes
|
0-0: Ball 1-0: Swinging Strike 1-1: Ball 2-1: Ball 3-1: Called Strike 3-2: Strikes out swinging
|
| Top of the 2nd over - 0 runs, 0 hits, 0 errors, 0 left on base; Richmond 2 - Rochester 0 |
| BOTTOM OF THE 2ND |
|
Rochester Red Wings batting - Pitching for Richmond Braves : RHP Jeff D Robinson
|
|
Batting: RHB Joe Carter
|
0-0: Ball 1-0: Called Strike 1-1: Called Strike 1-2: Ball 2-2: Foul Ball, location: 2F 2-2: Strikes out swinging
|
|
Batting: RHB Chris Johnston
|
0-0: Ball 1-0: Foul Ball, location: 2F 1-1: Ball 2-1: Ball 3-1: Base on Balls
|
|
Batting: LHB Dave Falcone
|
0-0: Called Strike 0-1: DOUBLE (Line Drive, 7LS, EV 96.3 MPH) Chris Johnston to third
|
|
Batting: RHB Tom Brookens
|
0-0: Ball 1-0: Ball 2-0: Ground out 5-3 (Groundball, 56, EV 90.0 MPH) Chris Johnston scores
|
|
Batting: RHB Jerry Dybzinski
|
0-0: Fly out, F7 (Flyball, 7D, EV 100.0 MPH)
|
| Bottom of the 2nd over - 1 run, 1 hit, 0 errors, 1 left on base; Richmond 2 - Rochester 1 |
| TOP OF THE 3RD |
|
Richmond Braves batting - Pitching for Rochester Red Wings : RHP Al Dawson
|
|
Batting: SHB Howard Johnson
|
0-0: Ball 1-0: Ball 2-0: Ball 3-0: Base on Balls
|
|
Batting: LHB Chris Evans
|
0-0: Ball 1-0: Swinging Strike 1-1: Swinging Strike 1-2: Strikes out swinging
|
|
Batting: LHB Dan Rohn
|
0-0: Ball 1-0: Foul Ball, location: 2F 1-1: Ball 2-1: Foul Ball, location: 2F 2-2: Foul Ball, location: 2F 2-2: Foul Ball, location: 2F 2-2: Ball 3-2: Fly out, F9 (Flyball, 9, EV 93.1 MPH)
|
|
Batting: LHB Max Venable
|
0-0: Ball 1-0: Foul Ball, location: 2F 1-1: Ball 2-1: Called Strike 2-2: Fly out, F7 (Line Drive, 7D, EV 97.5 MPH)
|
| Top of the 3rd over - 0 runs, 0 hits, 0 errors, 1 left on base; Richmond 2 - Rochester 1 |
| BOTTOM OF THE 3RD |
|
Rochester Red Wings batting - Pitching for Richmond Braves : RHP Jeff D Robinson
|
|
Batting: RHB Johnnie LeMaster
|
0-0: Ball 1-0: Ball 2-0: Bunt for hit to 23 - play at first, batter safe!
|
|
Batting: LHB Ed Amelung
|
0-0: Fly out, F8 (Flyball, 8LD, EV 77.5 MPH)
|
|
Batting: SHB Jordan Ayala
|
0-0: Ball 1-0: Ball Johnnie LeMaster is caught stealing 2nd base 2-6 2-0: Foul Ball, location: 2F 2-1: SINGLE (Line Drive, 56D, EV 95.0 MPH)
|
|
Batting: RHB Gerry Davis
|
0-0: Ball 1-0: Called Strike Jordan Ayala steals 2nd base 1-1: Ball Wild Pitch! Jordan Ayala to third 2-1: Foul Ball, location: 2F 2-2: Foul Ball, location: 2F 2-2: Foul Ball, location: 2F 2-2: Fly out, F7 (Flyball, 7S, EV 90.6 MPH)
|
| Bottom of the 3rd over - 0 runs, 2 hits, 0 errors, 1 left on base; Richmond 2 - Rochester 1 |
| TOP OF THE 4TH |
|
Richmond Braves batting - Pitching for Rochester Red Wings : RHP Al Dawson
|
|
Batting: SHB Donnie Scott
|
0-0: Swinging Strike 0-1: Called Strike 0-2: Ball 1-2: Ball 2-2: Ball 3-2: Strikes out swinging
|
|
Batting: SHB Julio Cruz
|
0-0: Called Strike 0-1: Foul Ball, location: 2F 0-2: Ball 1-2: Strikes out swinging
|
|
Batting: RHB Mark Naehring
|
0-0: Foul Ball, location: 2F 0-1: Foul Ball, location: 2F 0-2: Fly out, F8 (Flyball, 8RS, EV 86.9 MPH)
|
| Top of the 4th over - 0 runs, 0 hits, 0 errors, 0 left on base; Richmond 2 - Rochester 1 |
| BOTTOM OF THE 4TH |
|
Rochester Red Wings batting - Pitching for Richmond Braves : RHP Jeff D Robinson
|
|
Batting: RHB Joe Carter
|
0-0: Ball 1-0: Swinging Strike 1-1: Called Strike 1-2: Strikes out swinging
|
|
Batting: RHB Chris Johnston
|
0-0: Ball 1-0: Foul Ball, location: 2F 1-1: Ball 2-1: Called Strike 2-2: Ball 3-2: Strikes out swinging
|
|
Batting: LHB Dave Falcone
|
0-0: Ball 1-0: Swinging Strike 1-1: Fly out, F8 (Flyball, 8RM, EV 90.6 MPH)
|
| Bottom of the 4th over - 0 runs, 0 hits, 0 errors, 0 left on base; Richmond 2 - Rochester 1 |
| TOP OF THE 5TH |
|
Richmond Braves batting - Pitching for Rochester Red Wings : RHP Al Dawson
|
|
Batting: RHB Dave Stegman
|
0-0: Called Strike 0-1: Ball 1-1: Called Strike 1-2: Ground out 6-3 (Groundball, 6, EV 78.8 MPH)
|
|
Batting: RHB Mike Fuentes
|
0-0: Ball 1-0: Swinging Strike 1-1: Called Strike 1-2: Strikes out swinging
|
|
Batting: SHB Howard Johnson
|
0-0: Called Strike 0-1: Foul Ball, location: 2F 0-2: Ball 1-2: SINGLE (Line Drive, 78M, EV 92.5 MPH)
|
|
Batting: LHB Chris Evans
|
0-0: Ball Howard Johnson steals 2nd base 1-0: Called Strike 1-1: Swinging Strike 1-2: Strikes out swinging
|
| Top of the 5th over - 0 runs, 1 hit, 0 errors, 1 left on base; Richmond 2 - Rochester 1 |
| BOTTOM OF THE 5TH |
|
Rochester Red Wings batting - Pitching for Richmond Braves : RHP Jeff D Robinson
|
|
Batting: RHB Tom Brookens
|
0-0: Called Strike 0-1: Ball 1-1: Foul Ball, location: 2F 1-2: Ground out 5-3 (Groundball, 56, EV 98.8 MPH)
|
|
Batting: RHB Jerry Dybzinski
|
0-0: Ground out 4-3 (Groundball, 4S, EV 87.5 MPH)
|
|
Batting: RHB Johnnie LeMaster
|
0-0: Ball 1-0: Called Strike 1-1: Foul Ball, location: 2F 1-2: Ball 2-2: Strikes out swinging
|
| Bottom of the 5th over - 0 runs, 0 hits, 0 errors, 0 left on base; Richmond 2 - Rochester 1 |
| TOP OF THE 6TH |
|
Richmond Braves batting - Pitching for Rochester Red Wings : RHP Al Dawson
|
|
Batting: LHB Dan Rohn
|
0-0: Swinging Strike 0-1: Called Strike 0-2: Ball 1-2: Foul Ball, location: 2F 1-2: Ball 2-2: Strikes out swinging
|
|
Batting: LHB Max Venable
|
0-0: Fly out, F8 (Line Drive, 8RD, EV 98.1 MPH)
|
|
Batting: SHB Donnie Scott
|
0-0: Ball 1-0: Ball 2-0: Called Strike 2-1: Ground out 6-3 (Groundball, 6M, EV 80.0 MPH)
|
| Top of the 6th over - 0 runs, 0 hits, 0 errors, 0 left on base; Richmond 2 - Rochester 1 |
| BOTTOM OF THE 6TH |
|
Rochester Red Wings batting - Pitching for Richmond Braves : RHP Jeff D Robinson
|
|
Batting: LHB Ed Amelung
|
0-0: Ball 1-0: Fly out, F8 (Flyball, 89S, EV 93.1 MPH)
|
|
Batting: SHB Jordan Ayala
|
0-0: Called Strike 0-1: Called Strike 0-2: Ball 1-2: Ball 2-2: Ground out 4-3 (Groundball, 4, EV 87.5 MPH)
|
|
Batting: RHB Gerry Davis
|
0-0: Ball 1-0: Ball 2-0: Foul Ball, location: 2F 2-1: Swinging Strike 2-2: Strikes out looking
|
| Bottom of the 6th over - 0 runs, 0 hits, 0 errors, 0 left on base; Richmond 2 - Rochester 1 |
| TOP OF THE 7TH |
|
Richmond Braves batting - Pitching for Rochester Red Wings : RHP Al Dawson
|
|
Batting: SHB Julio Cruz
|
0-0: Called Strike 0-1: Ball 1-1: Ball 2-1: Swinging Strike 2-2: Ball 3-2: Ground out 6-3 (Groundball, 6S, EV 81.9 MPH)
|
|
Batting: RHB Mark Naehring
|
0-0: Called Strike 0-1: Called Strike 0-2: Foul Ball, location: 2F 0-2: Ball 1-2: Ball 2-2: Strikes out swinging
|
|
Batting: RHB Dave Stegman
|
0-0: Foul Ball, location: 2F 0-1: Fly out, F8 (Flyball, 8LM, EV 75.6 MPH)
|
| Top of the 7th over - 0 runs, 0 hits, 0 errors, 0 left on base; Richmond 2 - Rochester 1 |
| BOTTOM OF THE 7TH |
|
Rochester Red Wings batting - Pitching for Richmond Braves : RHP Jeff D Robinson
|
|
Batting: RHB Joe Carter
|
0-0: Ball 1-0: Ground out 4-3 (Groundball, 4, EV 100.6 MPH)
|
|
Batting: RHB Chris Johnston
|
0-0: Ground out 5-3 (Groundball, 5, EV 99.4 MPH)
|
|
Batting: LHB Dave Falcone
|
0-0: Ball 1-0: Ball 2-0: SINGLE (Line Drive, 78M, EV 87.5 MPH)
|
|
Pinch Hitting: RHB Pat Casey
|
0-0: Ball 1-0: Foul Ball, location: 2F 1-1: Ball 2-1: Fly out, F7 (Flyball, 7LS, EV 86.9 MPH)
|
| Bottom of the 7th over - 0 runs, 1 hit, 0 errors, 1 left on base; Richmond 2 - Rochester 1 |
| TOP OF THE 8TH |
|
Richmond Braves batting - Pitching for Rochester Red Wings : RHP Al Dawson
|
|
Now at 3B: Marc Rhea
|
|
|
Batting: RHB Mike Fuentes
|
0-0: Ball 1-0: Foul Ball, location: 2F 1-1: Ball 2-1: Called Strike 2-2: Foul Ball, location: 2F 2-2: Strikes out swinging, 2-3 out at first.
|
|
Batting: SHB Howard Johnson
|
0-0: Called Strike 0-1: Swinging Strike 0-2: Strikes out swinging
|
|
Batting: LHB Chris Evans
|
0-0: Fly out, F8 (Line Drive, 8LD, EV 93.8 MPH)
|
| Top of the 8th over - 0 runs, 0 hits, 0 errors, 0 left on base; Richmond 2 - Rochester 1 |
| BOTTOM OF THE 8TH |
|
Rochester Red Wings batting - Pitching for Richmond Braves : RHP Jeff D Robinson
|
|
Batting: RHB Jerry Dybzinski
|
0-0: Called Strike 0-1: Called Strike 0-2: Ball 1-2: Ground out 4-3 (Groundball, 34S, EV 86.9 MPH)
|
|
Batting: RHB Johnnie LeMaster
|
0-0: Called Strike 0-1: Swinging Strike 0-2: Ball 1-2: Foul Ball, location: 2F 1-2: Strikes out swinging
|
|
Batting: LHB Ed Amelung
|
0-0: Called Strike 0-1: Ball 1-1: Fly out, F7 (Flyball, 7LS, EV 97.5 MPH)
|
| Bottom of the 8th over - 0 runs, 0 hits, 0 errors, 0 left on base; Richmond 2 - Rochester 1 |
| TOP OF THE 9TH |
|
Richmond Braves batting - Pitching for Rochester Red Wings : RHP Al Dawson
|
|
Pitching: LHP Ray Searage
|
|
|
Batting: LHB Dan Rohn
|
0-0: Ball 1-0: Called Strike 1-1: Ground out 4-3 (Groundball, 4, EV 78.1 MPH)
|
|
Batting: LHB Max Venable
|
0-0: Ball 1-0: Fly out, F8 (Flyball, 8RS, EV 96.9 MPH)
|
|
Batting: SHB Donnie Scott
|
0-0: Called Strike 0-1: Foul Ball, location: 2F 0-2: Strikes out swinging
|
| Top of the 9th over - 0 runs, 0 hits, 0 errors, 0 left on base; Richmond 2 - Rochester 1 |
| BOTTOM OF THE 9TH |
|
Rochester Red Wings batting - Pitching for Richmond Braves : RHP Jeff D Robinson
|
|
Pitching: RHP Mike Allen
|
|
|
Batting: SHB Jordan Ayala
|
0-0: Ball 1-0: Foul Ball, location: 2F 1-1: Fly out, F8 (Flyball, 8LS, EV 95.6 MPH)
|
|
Batting: RHB Gerry Davis
|
0-0: Called Strike 0-1: Called Strike 0-2: Strikes out looking
|
|
Batting: RHB Joe Carter
|
0-0: Ground out 6-3 (Groundball, 6M, EV 90.0 MPH)
|
| Bottom of the 9th over - 0 runs, 0 hits, 0 errors, 0 left on base; Richmond 2 - Rochester 1 |
|